 Dungeon Crawl Stone Soup version 0.17-a0-1663-gb806841 (webtiles) character file.

58 TheBeardedClam the Skirmisher (level 4, 0/25 HPs)
             Began as a Vine Stalker Fighter on Aug 16, 2015.
             Killed from afar by Jessica (2 damage)
             ... with a wand of magic darts
             ... on level 3 of the Dungeon on Aug 17, 2015.
             The game lasted 00:04:31 (1702 turns).

TheBeardedClam the Skirmisher (VSFi)                Turns: 1702, Time: 00:04:31

Health: 0/25       AC:  7    Str: 28    XL:     4   Next: 1%
Magic:  0/5        EV:  7    Int:  8    God:
Gold:   92         SH: 10    Dex: 15    Spells: 0 memorised, 3 levels left

rFire  . . .     SeeInvis .     a - +0 long sword
rCold  . . .     Clarity  .     b - +0 scale mail
rNeg   . . .     SustAt   .     c - +0 shield
rPois  .         Gourm    .     (no helmet)
rElec  .         Spirit   +     n - +0 cloak
rCorr  .         Warding  .     (no gloves)
rMut   .         Stasis   .     (no boots)
MR     .....                    (no amulet)
Stlth  ..........               (no ring)
                                g - +5 ring of strength

@: mighty, not resistant to hostile enchantments, extremely unstealthy
A: fangs 2, regeneration 1, magic shield, antimagic bite, no device heal 3, rot
immunity
a: no special abilities


You were on level 3 of the Dungeon.
You were hungry.

You visited 1 branch of the dungeon, and saw 3 of its levels.

You collected 92 gold pieces.

Inventory:

Hand weapons
 a - a +0 long sword (weapon)
Armour
 b - a +0 scale mail (worn)
 c - a +0 shield (worn)
 n - a +0 cloak (worn)
Jewellery
 g - a +5 ring of strength (left hand)
Scrolls
 i - 3 scrolls of remove curse
 k - a scroll of random uselessness {unknown}
 o - 2 scrolls of immolation {unknown}
 p - 2 scrolls of identify {unknown}
 r - 2 scrolls of recharging {unknown}
 s - a scroll of fog {unknown}
Potions
 d - 2 potions of might
 f - 2 potions of agility {unknown}
 h - 2 potions of heal wounds {unknown}
 j - a potion of invisibility {unknown}
 l - a potion of haste {unknown}
 m - a potion of flight {unknown}
 q - a potion of brilliance {unknown}
Comestibles
 e - 2 bread rations


   Skills:
 + Level 3.9 Fighting
 + Level 2.4 Long Blades
 - Level 2.4 Armour
 - Level 2.6 Shields


You had 3 spell levels left.
You didn't know any spells.

Dungeon Overview and Level Annotations

Branches:
Dungeon (3/15)

Altars:
Trog

Annotations:
D:3 Jessica


Innate Abilities, Weirdness & Mutations

You have extremely sharp teeth.
Your natural rate of healing is unusually fast.
When hurt, damage is shared between your health and your magic reserves.
Your bite disrupts and absorbs the magic of your enemies.
Potions and wands cannot restore your health.
You are immune to rotting.


Message History

Jessica the Apprentice Sorceress comes into view.
She is wielding a club.
Jessica shouts!
Jessica shouts, "Stop bothering me, or I'll kill you!"
A rat comes into view.
Jessica looks very angry.
Jessica zaps a wand.
The magic dart hits you!
It is a wand of magic darts.
You closely miss Jessica.
Jessica zaps a wand.
The magic dart hits you! The rat bites you.
You closely miss Jessica.
Jessica zaps a wand.
The magic dart hits you! You block the rat's attack.
Drink which item? (? for menu, Esc to quit)
You feel very mighty all of a sudden.
Jessica mumbles some strange words.
Jessica seems to speed up.
The rat barely misses you.
You closely miss Jessica. Your bite misses Jessica.
Jessica casts a spell at you. Pain shoots through your body!
* * * LOW HITPOINT WARNING * * *
You block the rat's attack.
Jessica zaps a wand.
The magic dart hits you!
You die...

#########
#.......#
#.#####.###
#.# #.....#
###.###.#.#.#
#.....#.#.#.#
#.#.#.# ..#†#
#@.$#.#####†#
#@r.# # #.#
#.#.# #.#####
#.#.# #....<#
..... #######
######


You could see Jessica and a rat.

Vanquished Creatures
  2 adders (D:2)
  A worm (D:2)
  A giant gecko (D:2)
  A ball python (D:1)
  5 goblins
  5 hobgoblins
  3 jackals (D:3)
  3 bats
  3 giant cockroaches
  A giant newt (D:1)
  6 kobolds
  4 rats
35 creatures vanquished.

Notes
Turn   | Place    | Note
--------------------------------------------------------------
     0 | D:1      | TheBeardedClam the Vine Stalker Fighter began the quest for the Orb.
     0 | D:1      | Reached XP level 1. HP: 11/11 MP: 2/2
   156 | D:1      | Reached skill level 3 in Fighting
   157 | D:1      | Reached XP level 2. HP: 14/16 MP: 3/3
   945 | D:2      | Reached XP level 3. HP: 12/20 MP: 4/4
  1285 | D:2      | Found a bloodstained altar of Trog.
  1680 | D:3      | Reached XP level 4. HP: 25/25 MP: 5/5
  1695 | D:3      | Noticed Jessica
  1702 | D:3      | Killed from afar by Jessica

Vault maps used:
D:1:      lightli_molten_gateway, roderic_serpentine_path
D:2:      nicolae_overflow_crystal_walls, first_bread
D:3:      trog_hazing_becter, uniq_terence, uniq_jessica

Action                   |  1- 3 |  4- 6 || total
-------------------------+-------+-------++-------
Melee: Long sword        |    96 |     4 ||   100
  Use: Scroll            |     1 |       ||     1
       Potion            |       |     1 ||     1
  Eat: Chunk             |     2 |       ||     2
